 Dungeon Crawl Stone Soup version 0.30.0-5-g1a98f26d00 (webtiles) character file.

Game seed: 6751666382807765135

7 Orangeyouglad the Magician (level 2, -2/20 HPs)
             Began as a Human Hedge Wizard on May 12, 2023.
             Slain by a quokka (4 damage)
             ... on level 1 of the Dungeon.
             The game lasted 00:01:34 (375 turns).

Orangeyouglad the Magician (Human Hedge Wizard)      Turns: 375, Time: 00:01:35

Health: -2/20      AC:  2    Str: 10    XL:     2   Next: 5%
Magic:  6/6        EV: 12    Int: 14    God:
Gold:   30         SH:  0    Dex: 12    Spells: 6/7 levels left

rFire   . . .        a - +0 dagger
rCold   . . .        (no shield)
rNeg    . . .        b - +0 robe
rPois   .            c - +0 hat
rElec   .            (no cloak)
rCorr   .            (no gloves)
SInv    .            (no boots)
Will    .....        (no amulet)
Stlth   ++           (no ring)
HPRegen 0.23/turn    (no ring)
MPRegen 0.10/turn

%: no passive effects
@: very slightly contaminated
A: no striking features
a: no special abilities


You were on level 1 of the Dungeon.
You visited 1 branch of the dungeon, and saw 1 of its levels.

You collected 30 gold pieces.

Inventory:

Hand Weapons
 a - a +0 dagger (weapon)
Armour
 b - a +0 robe (worn)
 c - a +0 hat (worn)
 g - a +0 cloak
Scrolls
 f - a scroll of immolation {unknown}
Potions
 e - a potion of resistance {unknown}


   Skills:
 + Level 0.5 Fighting
 + Level 2.1 Dodging
 + Level 2.2 Stealth
 - Level 3.0 Spellcasting
 + Level 1.2 Conjurations
 - Level 1.0 Summonings
 - Level 1.0 Translocations


You had 6 spell levels left.
You knew the following spells:

 Your Spells              Type           Power      Damage    Failure   Level
a - Magic Dart            Conj           20%        1d4       13%         1

Your spell library contained the following spells:

 Spells                   Type           Power      Damage    Failure   Level
 Slow                     Hex            8%         N/A       22%         1
 Blink                    Tloc           8%         N/A       22%         2
 Call Imp                 Summ           8%         N/A       22%         2
 Cigotuvi's Dreadful Rot  Necr/Pois/Air  4%         N/A       32%         2
 Mephitic Cloud           Conj/Pois/Air  3%         N/A       47%         3


Dungeon Overview and Level Annotations

Branches:
Dungeon (1/15)

Altars:


Message History

Aiming: Magic Dart (safe; 13% risk of failure)
Press: ? - help, Q - select action Shift-Dir - straight line, f - quokka
Aim: a quokka (100% to hit)
The magic dart hits the quokka.
The quokka is heavily wounded.
The quokka misses you. The quokka bites you.
The quokka attacks as you move away! The quokka closely misses you.
Aiming: Magic Dart (safe; 13% risk of failure)
Press: ? - help, Q - select action Shift-Dir - straight line, f/p - quokka
Aim: a quokka (heavily wounded, 100% to hit)
You miscast Magic Dart.
You are very lightly contaminated with residual magic.
Nothing appears to happen.
The quokka closely misses you.
Aiming: Magic Dart (safe; 13% risk of failure)
Press: ? - help, Q - select action Shift-Dir - straight line, f/p - quokka
Aim: a quokka (moderately wounded, 100% to hit)
You miscast Magic Dart.
Nothing appears to happen.
The quokka bites you but does no damage.
The quokka closely misses you. The quokka attacks as you move away!
The quokka bites you.
Aiming: Magic Dart (safe; 13% risk of failure)
Press: ? - help, Q - select action Shift-Dir - straight line, f/p - quokka
Aim: a quokka (moderately wounded, 100% to hit)
You miscast Magic Dart.
Nothing appears to happen.
The quokka bites you but does no damage.
The kobold drinks a potion.
The kobold seems to grow stronger.
The quokka attacks as you move away! The quokka closely misses you.
The quokka bites you.
* * * LOW HITPOINT WARNING * * *
The quokka attacks as you move away! The quokka barely misses you.
The quokka attacks as you move away! The quokka bites you.
* * * LOW HITPOINT WARNING * * *
Press: ? - help, v - describe, . - travel
Here: a kobold, wielding a +0 dagger and quivering stones (strong)
The floor.
Okay, then.
Okay, then.
Magic courses through your body. The quokka bites you.
You die...

".#.###...#.......####..#>.#
≈.#..##.###.......##.......#
####....# #................#
####..### ##.....##........#
..##..####......##.........#
#.##.......#######.........#
.≈##...##### #K.........#
..#.....## ##r#........#
.##......# ##@..........#
..#......######..#.........#
.##........##...#..........#
#.#.....##.........##.###.##
.##....##....####..# .# .#
..#...###.#..# .## .# #.#...
#....## .# ..#.##.....># ##
.<#......##..


You could see a quokka and a kobold (strong).

Vanquished Creatures
  A goblin (D:1)
  A hobgoblin (D:1)
  2 kobolds (D:1)
  3 rats (D:1)
7 creatures vanquished.

Notes
Turn   | Place    | Note
-------+----------+-------------------------------------------
     0 | D:1      | Orangeyouglad the Human Hedge Wizard began the quest for
                  | the Orb.
     0 | D:1      | Reached XP level 1. HP: 13/13 MP: 4/4
    82 | D:1      | Found a faded altar of an unknown god.
   343 | D:1      | Reached XP level 2. HP: 17/20 MP: 1/6
   373 | D:1      | HP: 1/20 [quokka (5)]
   375 | D:1      | Slain by a quokka

Illustrated notes

Levels and vault maps discovered:
D:1:      dpeg_arrival_brainrot, layout_rooms, shapermc_ecumenical_altar_petra

Action                     || total
---------------------------++-------
  Melee: Dagger            ||     7
   Cast: Magic Dart        ||    19
    Use: Potion            ||     1
 Armour: Robe              ||     3
  Dodge: Dodged            ||    15
